 Dungeon Crawl Stone Soup version 0.25.1-2-g60ff931df9 (webtiles) character file.

Game seed: 3403054282390963268

4746 Acheron the Chiller (level 10, -1/56 HPs)
             Began as a Tengu Ice Elementalist on Sept 2, 2020.
             Was a Follower of Sif Muna.
             Killed by divine providence
             ... invoked by an orc priest
              (12 damage)
             ... on level 8 of the Dungeon.
             The game lasted 00:54:26 (7192 turns).

Acheron the Chiller (Tengu Ice Elementalist)        Turns: 7192, Time: 00:54:26

Health: -1/56      AC: 10    Str: 14    XL:     10   Next: 46%
Magic:  17/19      EV: 16    Int: 23    God:    Sif Muna [*.....]
Gold:   387        SH:  5    Dex: 15    Spells: 3/20 levels left

rFire    + . .     SeeInvis .   b - +0 rapier
rCold    + . .     Gourm    .   o - +0 buckler
rNeg     . . .     Faith    .   y - +5 ring mail of Hutsan {Int+4}
rPois    .         Spirit   .   (helmet restricted)
rElec    .         Reflect  .   k - scarf {rC+ rF+}
rCorr    .         Harm     .   (no gloves)
MR       .....                  (boots unavailable)
Stlth    ++........             (no amulet)
HPRegen  0.18/turn              a - ring of wizardry
MPRegen  0.16/turn              h - +6 ring of strength

@: frozen ramparts, flying quickly and evasively, slowed, very slow
A: beak, talons 3, able to fly
a: Stop Flying, Channel Magic, Renounce Religion


You were on level 8 of the Dungeon.
You worshipped Sif Muna.
Sif Muna was aware of your devotion.
You were not hungry.

You visited 2 branches of the dungeon, and saw 9 of its levels.

You collected 483 gold pieces.
You spent 96 gold pieces at shops.

Inventory:

Hand Weapons
 b - a +0 rapier (weapon)
 w - a +0 vorpal mace
 L - a +0 whip of freezing
 M - a +1 dagger of electrocution
Missiles
 g - 189 stones
 i - 108 sling bullets
 x - 15 poisoned darts (quivered)
 D - 5 boomerangs
Armour
 k - a scarf of resistance (worn)
 o - a +0 buckler (worn)
 y - the +5 ring mail of Hutsan (worn) {Int+4}
   (You found it on level 5 of the Dungeon)

   It affects your intelligence (+4).
 E - a +0 cloak
 J - +0 steam dragon scales
 K - a +2 robe of fire resistance
Jewellery
 a - a ring of wizardry (left hand)
 h - a +6 ring of strength (right hand)
 n - an uncursed ring of fire
 t - an uncursed ring of see invisible
Scrolls
 e - 2 scrolls of fog
 j - a scroll of amnesia
 r - 2 scrolls of remove curse
 v - 3 scrolls of enchant weapon {unknown}
 A - a scroll of enchant armour {unknown}
 B - a scroll of teleportation
 C - 2 scrolls of fear {unknown}
Potions
 d - a potion of invisibility {unknown}
 f - a potion of might
 l - 5 potions of heal wounds
 p - 2 potions of magic
 q - 2 potions of curing
 s - a potion of ambrosia
 z - a potion of brilliance
 F - a potion of resistance {unknown}
 G - 2 potions of degeneration {unknown}
 H - a potion of lignification {unknown}
Miscellaneous
 u - a lightning rod (1/4)
Comestibles
 c - 7 rations
 I - 13 chunks of flesh


   Skills:
 * Level 3.7 Fighting
 * Level 5.1 Short Blades
 * Level 4.0 Throwing
 * Level 3.3 Armour
 * Level 5.1 Dodging
 * Level 4.8 Stealth
 * Level 3.6 Shields
 * Level 5.9 Spellcasting
 * Level 2.5 Charms
 * Level 3.1 Summonings
 * Level 6.1 Ice Magic
 * Level 2.2 Invocations
 * Level 3.2 Evocations


You had 3 spell levels left.
You knew the following spells:

 Your Spells              Type           Power        Failure   Level  Hunger
a - Freeze                Ice            ####         1%          1    None
b - Frozen Ramparts       Ice            #####.       1%          3    #......
c - Ozocubu's Armour      Chrm/Ice       ####....     3%          3    #......
d - Call Imp              Summ           ###.....     3%          2    None
e - Summon Ice Beast      Ice/Summ       ####....     11%         4    ###....
f - Hailstorm             Conj/Ice       ###.....     21%         4    ###....

Your spell library contained the following spells:

 Spells                   Type           Power        Failure   Level  Hunger
 Summon Small Mammal      Summ           ###.         1%          1    None
 Call Canine Familiar     Summ           ###.....     6%          3    #......
 Summon Guardian Golem    Hex/Summ       ##......     12%         3    #......
 Summon Lightning Spire   Summ/Air       ##......     34%         4    ###....


Dungeon Overview and Level Annotations

Branches:
Dungeon (8/15)             Temple (1/1) D:5
   Lair: D:8-11

Altars:
Ashenzari
Cheibriados
Dithmenos
Elyvilon
Fedhas
Gozag
Hepliaklqana
Kikubaaqudgha
Makhleb
Nemelex Xobeh
Okawaru
Qazlal
Ru
Sif Muna
Trog
Uskayaw
Vehumet
Wu Jian
Xom
Yredelemnul
Zin
The Shining One

Shops:
D:5 ?   D:6 *

Annotations:
D:6 exclusion: 2 downstairs
D:8 Erica


Innate Abilities, Weirdness & Mutations

You have a beak for a mouth.
You have claws for feet.
You can fly continuously.


Message History

You feel sick.
Erica resists.
The wall freezes Erica.
Erica casts a spell.
Erica flickers and vanishes!
Deactivating autopickup; reactivate with Ctrl-A.
The orc priest looks satisfied for a moment.
The wall freezes the orc.
The wall freezes something but do no damage.
You feel sick.
The orc priest invokes the aid of Beogh against you.
Beogh smites you!
* * * LOW HITPOINT WARNING * * *
The wall freezes the orc!
You kill the orc!
Sif Muna accepts your kill.
The wall freezes something.
You feel better.
The wall freezes something.
Something hits you but does no damage.
The wall freezes the orc priest.
The orc priest mumbles some strange prayers to Beogh against you.
Beogh smites you!
You die...

#...###..###
#.#........#
#..oo......#
#..#...o...#
.o.. #.###..##
.### #(# #).#
#.##(###..#
#.........#
...@....####@#
#######.# #.#
#.# #%# #.#
#.. #.# ###
#.# #.#


You could see an orc priest.

Vanquished Creatures
  2 two-headed ogres
  Pikel (D:8)
  3 steam dragons
  2 water moccasins
  4 slaves (D:8)
  2 orc warriors
  2 sky beasts
  5 ogres
  A necrophage (D:7)
  2 phantoms (D:8)
  A wyvern zombie (D:7)
  2 bullfrogs
  A scorpion (D:4)
  Dowan (D:7)
  4 killer bees
  4 crimson imps
  A jelly (D:7)
  4 orc wizards
  3 hounds
  A centaur skeleton (D:4)
  Natasha (D:4)
  6 worker ants
  3 iguanas
  A worker ant zombie (D:6)
  4 gnolls
  A howler monkey zombie (D:6)
  A howler monkey skeleton (D:8)
  7 adders
  2 shadow imps
  2 oozes
  2 adder skeletons
  2 dart slugs (D:1)
  4 leopard geckos
  15 orcs
  5 bats
  5 giant cockroaches
  4 goblins (D:2)
  7 hobgoblins
  7 jackals
  4 kobolds
  4 quokkas
  2 ball pythons
  7 frilled lizards
  A jackal skeleton (D:6)
  A jackal zombie (D:6)
  A leopard gecko skeleton (D:4)
  A quokka skeleton (D:6)
  10 rats
156 creatures vanquished.

Vanquished Creatures (others)
  12 fungi (D:7)
12 creatures vanquished.

Grand Total: 168 creatures vanquished

Notes
Turn   | Place    | Note
-------+----------+-------------------------------------------
     0 | D:1      | Acheron the Tengu Ice Elementalist began the quest for the
                  | Orb.
     0 | D:1      | Reached XP level 1. HP: 10/10 MP: 4/4
   133 | D:1      | Reached XP level 2. HP: 10/15 MP: 0/6
   535 | D:1      | Reached XP level 3. HP: 16/19 MP: 3/7
   864 | D:1      | Reached skill level 4 in Ice Magic
  1491 | D:2      | Reached skill level 1 in Throwing
  1597 | D:2      | Reached XP level 4. HP: 24/24 MP: 8/8
  1605 | D:2      | Learned a level 3 spell: Frozen Ramparts
  1609 | D:2      | Learned a level 3 spell: Ozocubu's Armour
  1935 | D:3      | Found a hide-covered altar of Uskayaw.
  2193 | D:4      | Reached skill level 1 in Fighting
  2353 | D:4      | Gained mutation: You can fly continuously. [Tengu growth]
  2353 | D:4      | Reached XP level 5. HP: 25/29 MP: 6/10
  2355 | D:4      | Reached skill level 1 in Short Blades
  2498 | D:4      | Reached skill level 1 in Shields
  2569 | D:4      | Reached XP level 6. HP: 26/34 MP: 7/11
  2726 | D:4      | Noticed Natasha
  2736 | D:4      | Killed Natasha
  2737 | D:4      | Noticed a phantom
  2862 | D:4      | Noticed a sky beast
  2872 | D:4      | Killed a sky beast
  2872 | D:4      | Reached XP level 7. HP: 37/39 MP: 9/13
  3097 | D:5      | Entered Level 5 of the Dungeon
  3114 | D:5      | Found a shattered altar of Ashenzari.
  3200 | D:5      | Got a smoking ring mail
  3232 | D:5      | Identified the +5 ring mail of Hutsan {Int+4} (You found it
                  | on level 5 of the Dungeon)
  3270 | D:5      | Found Dini Gak's Magic Scroll Boutique.
  3344 | D:5      | Bought a scroll of fog for 24 gold pieces
  3344 | D:5      | Bought a scroll of identify for 24 gold pieces
  3344 | D:5      | Bought a scroll of identify for 24 gold pieces
  3344 | D:5      | Bought a scroll of fog for 24 gold pieces
  3671 | D:6      | Found an ancient bone altar of Kikubaaqudgha.
  3705 | D:6      | Learned a level 2 spell: Call Imp
  3752 | D:6      | Reached skill level 1 in Evocations
  3879 | D:6      | Found Zephis's Assorted Antiques.
  3973 | D:6      | Reached XP level 8. HP: 29/44 MP: 11/15
  4352 | D:6      | Reached skill level 1 in Charms
  4488 | D:5      | Found a staircase to the Ecumenical Temple.
  4496 | Temple   | Entered the Ecumenical Temple
  4607 | Temple   | Became a worshipper of Sif Muna the Loreminder
  4929 | D:5      | Reached skill level 1 in Armour
  4929 | D:5      | Reached skill level 5 in Ice Magic
  5048 | D:5      | Found a burning altar of Makhleb.
  5137 | D:5      | Reached skill level 1 in Summonings
  5370 | D:7      | Reached skill level 5 in Spellcasting
  5370 | D:7      | Reached XP level 9. HP: 49/49 MP: 13/17
  5638 | D:7      | Noticed a two-headed ogre
  5803 | D:7      | Reached skill level 1 in Invocations
  6081 | D:7      | Noticed Dowan
  6095 | D:7      | Killed Dowan
  6103 | D:7      | Killed a two-headed ogre
  6445 | D:7      | Reached * piety under Sif Muna
  6471 | D:8      | Noticed Pikel
  6529 | D:8      | Killed Pikel
  6529 | D:8      | Reached XP level 10. HP: 38/56 MP: 15/19
  6651 | D:8      | Noticed a two-headed ogre
  6710 | D:7      | Learned a level 4 spell: Summon Ice Beast
  6849 | D:7      | Learned a level 4 spell: Hailstorm
  7022 | D:8      | Killed a two-headed ogre
  7022 | D:8      | Reached skill level 5 in Short Blades
  7022 | D:8      | Reached skill level 5 in Dodging
  7022 | D:8      | Reached skill level 6 in Ice Magic
  7050 | D:8      | Found an iron altar of Okawaru.
  7167 | D:8      | Noticed Erica
  7192 | D:8      | Killed from afar by an orc priest

Illustrated notes

Levels and vault maps discovered:
D:1:      lemuel_arrival_muddy, layout_basic
D:2:      layout_rooms, first_ration, minmay_tromino_v4_b
D:3:      layout_loops_ring, overflow_temple_1_default, st_stairs_5
D:4:      minmay_octagon_keep, layout_basic, enter_ossuary_5, uniq_natasha
D:5:      layout_gridville, evilmike_ruin_ashenzari, lemuel_doored_altar,
          minmay_temple_entry_wispy, serial_shops, shop,
          hangedman_decor_opposing
D:6:      layout_loops_ring, serial_shops, shop, basic_altar
D:7:      kennysheep_steamy, layout_loops_cross, uniq_duvessa
D:8:      layout_loops_ring, marbit_many_paths, uniq_pikel, uniq_prince_ribbit1,
          uniq_harold, uniq_erica
Temple:   hc_temple_tempest_star

Skill      XL: |  1  2  3  4  5  6  7  8  9 10 |
---------------+-------------------------------+-----
Ice Magic      | 4 5 6 |  6.1
Throwing       | 1 2 3 4 |  4.0
Fighting       | 1 2 3 |  3.7
Short Blades   | 1 2 3 4 5 |  5.1
Spellcasting   | 3 4 5 |  5.9
Shields        | 1 2 3 |  3.6
Dodging        | 3 4 5 |  5.1
Stealth        | 3 4 |  4.8
Evocations     | 1 2 3 |  3.2
Charms         | 1 2 |  2.5
Armour         | 1 2 3 |  3.3
Summonings     | 1 2 3 |  3.1
Invocations    | 1 2 |  2.2

Action                   |  1- 3 |  4- 6 |  7- 9 | 10-12 || total
-------------------------+-------+-------+-------+-------++-------
Melee: Short sword       |    52 |    45 |     1 |       ||    98
       Kick              |    11 |    10 |    41 |    20 ||    82
       Peck              |     7 |     8 |    24 |     5 ||    44
       Rapier            |       |       |   161 |    63 ||   224
Throw: Stone             |     1 |       |       |       ||     1
       Dart              |       |       |     5 |     2 ||     7
 Cast: Freeze            |    29 |     6 |     7 |       ||    42
       Frozen Ramparts   |       |     9 |    29 |     9 ||    47
 Abil: Fly               |       |     1 |       |       ||     1
Evoke: Lightning rod     |       |     2 |       |     3 ||     5
  Use: Scroll            |     3 |     5 |     5 |       ||    13
       Potion            |       |       |       |     1 ||     1
 Stab: Sleeping          |     3 |     2 |     2 |       ||     7
  Eat: Chunk             |     3 |     2 |     5 |     2 ||    12
       Ration            |       |     1 |     2 |       ||     3
Armor: Robe              |    11 |     2 |       |       ||    13
       Ring mail         |       |       |    35 |    13 ||    48
Dodge: Dodged            |    58 |    38 |   103 |    41 ||   240
Block: Buckler           |       |     6 |    41 |    11 ||    58
